 Dungeon Crawl Stone Soup version 0.20-a0-540-ge6d1839 (webtiles) character file.

63 Lahna the Skirmisher (level 3, 0/29 HPs)
             Began as a Demonspawn Abyssal Knight on Jan 30, 2017.
             Was a Believer of Lugonu.
             Succumbed to an adder's poison
             ... on level 2 of the Dungeon.
             The game lasted 00:03:08 (1798 turns).

Lahna the Skirmisher (Demonspawn Abyssal Knight)    Turns: 1798, Time: 00:03:08

Health: 0/29       AC:  0    Str: 12    XL:     3   Next: 87%
Magic:  5/5        EV: 14    Int: 18    God:    Lugonu [**....]
Gold:   75         SH:  0    Dex: 13    Spells: 2/2 levels left

rFire    . . .     SeeInvis .   (weapon currently unavailable)
rCold    . . .     Gourm    .   (armour currently unavailable)
rNeg     . . .     Faith    .   (shield currently unavailable)
rPois    .         Spirit   .   (helmet currently unavailable)
rElec    .         Reflect  .   (cloak currently unavailable)
rCorr    .         Harm     .   (gloves currently unavailable)
MR       .....                  (boots currently unavailable)
Stlth    +.........             (no amulet)
Regen    0.1/turn               (ring currently unavailable)
                                (ring currently unavailable)

@: brilliant, lethally poisoned (0 -> -2), pig-form, very quick
A: demonic guardian 1
a: Depart the Abyss, Bend Space, Renounce Religion


You were on level 2 of the Dungeon.
You worshipped Lugonu.
Lugonu was pleased with you.
You were near starving.
You were a filthy swine.
You visited 1 branch of the dungeon, and saw 2 of its levels.
You visited the Abyss 1 time.

You collected 75 gold pieces.

Inventory:

Hand Weapons
 a - a +1 mace (melded)
Armour
 b - a +0 leather armour (melded)
 d - a +0 shield (melded)
Wands
 m - a wand of polymorph (3/24)
Scrolls
 e - a scroll of teleportation {unknown}
 h - a scroll of magic mapping {unknown}
 i - a scroll of enchant weapon {unknown}
 k - a scroll of immolation {unknown}
 l - 3 scrolls of enchant armour {unknown}
Comestibles
 c - 2 bread rations
 f - a royal jelly


   Skills:
 + Level 3.4 Fighting
 + Level 2.2 Maces & Flails
 + Level 2.3 Armour
 + Level 1.5 Dodging
 + Level 0.6 Shields
 + Level 2.9 Invocations


You had 2 spell levels left.
You didn't know any spells.

Dungeon Overview and Level Annotations

Branches:
Dungeon (2/15)

Altars:


Innate Abilities, Weirdness & Mutations

A weak demonic guardian rushes to your aid.


Message History

There is a lethal amount of poison in your body!
There isn't anything to butcher here.
Okay, then.
* * * LOW HITPOINT WARNING * * *
You feel sick.
There is a lethal amount of poison in your body!
Aiming: Polymorph (will waste charges)
Press: ? - help, Shift-Dir - straight line, f - you That beam is likely to hit you.
Continue anyway?
You turn into a filthy swine.
Your +1 mace melds into your body.
Your +0 shield melds into your body.
Your +0 leather armour melds into your body.
Evoking this partially-identified wand wasted a few charges.
* * * LOW HITPOINT WARNING * * *
You feel sick.
Things that are here:
a chunk of flesh; an adder skeleton
There is a lethal amount of poison in your body!
There is a lethal amount of poison in your body!
You die...

▒. ..▒ .▒ ▒.▒ ▒.▒ ▒▒▒ .▒▒▒.▒
▒.▒ ... ▒.▒▒.▒ ▒▒.▒▒▒.▒ ▒
▒..▒.▒▒▒.......
▒.▒▒▒..▒.▒▒.....▒.▒
▒....%...▒▒...▒ .▒
▒▒.▒..▒..▒▒▒.▒▒▒.▒
▒.......h......▒ ▒.
▒.▒.▒▒▒.▒▒▒.▒▒▒.▒ ▒.
▒▒▒.▒.▒▒▒.▒▒▒'▒▒ ▒▒ ▒.
▒.........▒▒...▒▒ ▒.
▒.....▒▒▒▒▒.....▒▒ ▒▒▒ ▒.
▒.....▒ ▒.......▒▒ ▒▒.▒▒▒.
▒.....▒▒▒.........▒▒▒▒...▒▒.
▒▒.......+.........'.........
▒.....▒ ▒)........▒▒▒▒...▒▒.


There were no monsters in sight!

Vanquished Creatures
  3 adders (D:2)
  A worm (D:2)
  A dart slug (D:1)
  A leopard gecko (D:2)
  4 bats
  A giant cockroach (D:1)
  4 goblins
  4 hobgoblins (D:1)
  4 frilled lizards
  A kobold (D:1)
  8 rats
32 creatures vanquished.

Notes
Turn   | Place    | Note
-------+----------+-------------------------------------------
     0 | Abyss:1  | Lahna the Demonspawn Abyssal Knight began the quest for the Orb.
     0 | Abyss:1  | Reached XP level 1. HP: 18/18 MP: 2/2
    40 | Abyss:1  | Noticed a large abomination
    42 | D:1      | Escaped the Abyss
   196 | D:1      | Reached skill level 1 in Dodging
   219 | D:1      | Reached * piety under Lugonu
   412 | D:1      | Gained mutation: A weak demonic guardian rushes to your aid. [demonic ancestry]
   412 | D:1      | Reached XP level 2. HP: 19/24 MP: 3/3
  1251 | D:2      | Reached XP level 3. HP: 12/29 MP: 4/4
  1784 | D:2      | Reached ** piety under Lugonu
  1792 | D:2      | HP: 1/29 [poisoned by an adder]
  1798 | D:2      | Succumbed to an adder's poison

Vault maps used:
D:1:      dpeg_arrival_pits, hex_tiny, minmay_crystal_water

Skill      XL: |  1  2 |
---------------+-------+-----
Dodging        | 1 |  1.5
Armour         | 2 |  2.3
Maces & Flails | 2 |  2.2
Fighting       | |  3.4
Shields        | |  0.6
Invocations    | |  2.9

Action                   || total
-------------------------++-------
Melee: Mace              ||   127
Invok: Depart the Abyss  ||     1
Evoke: Wand              ||     1
  Use: Potion            ||     1
  Eat: Chunk             ||     1
Armor: Leather armour    ||    58
Dodge: Dodged            ||    48
Block: Shield            ||    60
